 Dungeon Crawl Stone Soup version 0.24-a0-232-g49d9ff8 (webtiles) character file.

Game seed: 5409295300925952252

1470 Gunnerkreig the Conjurer (level 8, 0/54 HPs)
             Began as an Octopode Wizard on Apr 4, 2019.
             Slain by an iguana (8 damage)
             ... on level 6 of the Dungeon.
             The game lasted 00:17:01 (5337 turns).

Gunnerkreig the Conjurer (Octopode Wizard)          Turns: 5337, Time: 00:17:01

Health: 0/54       AC:  1    Str:  7    XL:     8   Next: 78%
Magic:  5/14       EV: 14    Int: 21    God:
Gold:   116        SH:  0    Dex: 11    Spells: 6/15 levels left

rFire    . . .     SeeInvis .   C - +5 spear of Usoqu Kidgh {pierce, rPois}
rCold    . . .     Gourm    .   (no shield)
rNeg     . . .     Faith    .   o - +0 hat {MR+}
rPois    +         Spirit   .   (no amulet)
rElec    .         Reflect  .   e - ring of flight
rCorr    .         Harm     .   D - ring of protection from magic
MR       ++...                  (no ring)
Stlth    ++++......             (no ring)
HPRegen  0.18/turn              (no ring)
MPRegen  0.14/turn              (no ring)
                                (no ring)
                                (no ring)

@: marked
A: almost no armour, stealthy swim, amphibious, 8 rings, constrict 8, camouflage
1, gelatinous body 1
a: Evoke Flight


You were on level 6 of the Dungeon.
You were very hungry.

You visited 1 branch of the dungeon, and saw 6 of its levels.

You collected 276 gold pieces.
You spent 160 gold pieces at shops.

Inventory:

Hand Weapons
 t - a +0 trident
 v - a +1 dagger of electrocution
 x - the +0 short sword of Conscience {flame, rF+ Str+5}
   (You bought it in a shop on level 4 of the Dungeon)

   It has been specially enchanted to burn those struck by it, causing extra
   injury to most foes and up to half again as much damage against particularly
   susceptible opponents.
   It affects your strength (+5).
   It protects you from fire.
 C - the +5 spear of Usoqu Kidgh (weapon) {pierce, rPois}
   (You found it on level 5 of the Dungeon)

   It inflicts extra damage upon your enemies.
   It protects you from poison.
Missiles
 d - 282 stones (quivered)
 h - a throwing net
 w - 28 sling bullets
Armour
 o - a +0 hat of magic resistance (worn)
Magical Staves
 A - an uncursed staff of air
Jewellery
 e - a ring of flight (left tentacle)
 D - a ring of protection from magic (right tentacle)
Wands
 m - a wand of flame (19)
Scrolls
 b - a scroll of blinking {unknown}
 f - a scroll of immolation {unknown}
 i - 2 scrolls of remove curse
 l - a scroll of amnesia {unknown}
 p - a scroll of noise {unknown}
 s - a scroll of fog {unknown}
 u - a scroll of fear {unknown}
 y - a scroll of teleportation {unknown}
Potions
 a - a potion of heal wounds
 g - 2 potions of agility {unknown}
 k - a potion of cancellation
 n - 2 potions of haste {unknown}
 q - a potion of curing {unknown}
 r - 2 potions of might
 z - a potion of resistance {unknown}
Comestibles
 c - 7 rations


   Skills:
 + Level 4.0 Fighting
 + Level 3.4 Dodging
 - Level 5.0 Stealth
 + Level 4.0 Spellcasting
 + Level 6.0 Conjurations
 - Level 1.0 Summonings
   Level 1.0 Translocations
 - Level 3.0 Fire Magic
 - Level 3.0 Air Magic
 - Level 3.2 Poison Magic


You had 6 spell levels left.
You knew the following spells:

 Your Spells              Type           Power        Failure   Level  Hunger
a - Magic Dart            Conj           ####         1%          1    None
b - Conjure Flame         Conj/Fire      ###.....     5%          3    ###....
c - Mephitic Cloud        Conj/Pois/Air  ###.....     7%          3    ###....
w - Call Imp              Summ           #.......     12%         2    #......

Your spell library contained the following spells:

 Spells                   Type           Power        Failure   Level  Hunger
 Blink                    Tloc           N/A          12%         2    #......
 Slow                     Hex            #.......     19%         2    #......


Dungeon Overview and Level Annotations

Branches:
Dungeon (6/15)
 Temple: D:4-7

Altars:
Nemelex Xobeh
Trog
Uskayaw
Wu Jian
Zin
The Shining One

Shops:
D:4 (


Innate Abilities, Weirdness & Mutations

You cannot wear most types of armour.
You are very stealthy in the water. (Stealth+)
You are amphibious.
You can wear up to eight rings at the same time.
You can use your tentacles to constrict eight enemies at once.
Your skin changes colour to match your surroundings (Stealth+).
Your rubbery body absorbs attacks. (AC +1, EV +1)


Message History

Casting: Mephitic Cloud (safe; 7% risk of failure)
Confirm with . or Enter, or press ? or * to list all spells.
Aiming: Mephitic Cloud (safe; 7% risk of failure)
Press: ? - help, Shift-Dir - straight line, f - iguana, p - orc
Aim: an iguana
Okay, then.
Unknown command.
A howler monkey comes into view.
The centaur shoots an arrow.
The arrow completely misses you.
The centaur shoots an arrow.
The arrow hits you!
You see here an arrow.
An orc comes into view.
It is wielding a +2 short sword of venom.
The centaur shoots an arrow.
The arrow closely misses you.
There is a stone staircase leading up here.
You see here an arrow.
You are feeling very hungry.
The centaur shoots an arrow.
The arrow hits you!
* * * LOW HITPOINT WARNING * * *
The iguana bites you!
You die...

# # .# #. #######
..#.#
.c#..#...h@#.....#
....ao....l......+
....##..F####...#
.....c...........#
####.###.((.###### .
+....###..........
....####...o.....F....
.......'..WY'''.......
########....###...s...


You could see a phantom, an ice beast, a bullfrog, a centaur, a howler monkey,
an iguana, a worker ant and 2 orcs.

Vanquished Creatures
  Pikel (D:3)
  Duvessa (D:4)
  A water moccasin (D:5)
  An orc warrior (D:6)
  A sky beast (D:5)
  2 slaves (D:4)
  Dowan (D:4)
  2 howler monkeys
  2 crimson imps (D:5)
  A bullfrog zombie (D:5)
  A centaur zombie (D:5)
  2 orc priests (D:3)
  2 hounds
  2 orc wizards (D:4)
  3 worker ants
  Robin (D:3)
  10 adders
  A shadow imp (D:5)
  2 oozes
  An adder skeleton (D:4)
  A worm (D:3)
  3 leopard geckos
  8 orcs
  6 bats
  2 giant cockroaches
  10 hobgoblins
  5 kobolds
  4 quokkas
  A ball python (D:4)
  8 frilled lizards
  11 goblins
  8 rats
105 creatures vanquished.

Vanquished Creatures (collateral kills)
  2 goblins (D:3)
  A hobgoblin (D:3)
3 creatures vanquished.

Vanquished Creatures (others)
  A slave (D:4)
  An orc wizard (D:3)
2 creatures vanquished.

Grand Total: 110 creatures vanquished

Notes
Turn   | Place    | Note
-------+----------+-------------------------------------------
     0 | D:1      | Gunnerkreig the Octopode Wizard began the quest for the
                  | Orb.
     0 | D:1      | Reached XP level 1. HP: 11/11 MP: 4/4
    60 | D:1      | Reached XP level 2. HP: 17/17 MP: 1/6
   218 | D:1      | Reached skill level 2 in Conjurations
   578 | D:1      | Reached XP level 3. HP: 21/21 MP: 3/7
   711 | D:2      | Learned a level 2 spell: Call Imp
  1070 | D:2      | Found a bloodstained altar of Trog.
  1074 | D:2      | Found a glowing silver altar of Zin.
  1074 | D:2      | Found a glowing golden altar of the Shining One.
  1075 | D:2      | Found an ornate altar of the Wu Jian Council.
  1075 | D:2      | Found a sparkling altar of Nemelex Xobeh.
  1111 | D:2      | Reached skill level 3 in Conjurations
  1142 | D:2      | Reached XP level 4. HP: 21/27 MP: 0/8
  1467 | D:2      | Found a hide-covered altar of Uskayaw.
  1527 | D:3      | Noticed Robin
  2077 | D:3      | Killed Robin
  2092 | D:3      | Reached XP level 5. HP: 9/31 MP: 3/9
  2097 | D:3      | Learned a level 3 spell: Conjure Flame
  2101 | D:3      | Learned a level 3 spell: Mephitic Cloud
  2563 | D:3      | Reached skill level 4 in Conjurations
  2695 | D:3      | Reached skill level 5 in Stealth
  3017 | D:4      | Reached skill level 5 in Conjurations
  3017 | D:4      | Reached XP level 6. HP: 36/36 MP: 0/10
  3114 | D:4      | Found Meubbe Hytso's Antique Weapon Boutique.
  3121 | D:4      | Bought a slimy short sword for 160 gold pieces
  3121 | D:4      | Identified the +0 short sword of Conscience {flame, rF+
                  | Str+5} (You bought it in a shop on level 4 of the Dungeon)
  3187 | D:4      | Reached skill level 1 in Poison Magic
  3209 | D:4      | Reached skill level 1 in Fire Magic
  3214 | D:4      | Reached skill level 1 in Fighting
  3214 | D:4      | Reached skill level 1 in Air Magic
  3448 | D:4      | Noticed Pikel
  3448 | D:4      | Noticed a slave
  3448 | D:4      | Noticed a slave
  3448 | D:4      | Noticed a slave
  3448 | D:4      | Noticed a slave
  3450 | D:4      | Noticed Dowan
  3453 | D:4      | Noticed Duvessa
  3484 | D:3      | Killed Pikel
  3484 | D:3      | Reached XP level 7. HP: 11/45 MP: 2/11
  3812 | D:4      | Killed Duvessa
  3812 | D:4      | Reached XP level 8. HP: 49/51 MP: 0/12
  3839 | D:4      | Killed Dowan
  4404 | D:5      | Entered Level 5 of the Dungeon
  4992 | D:5      | Got an ancient spear
  4993 | D:5      | Identified the +5 spear of Usoqu Kidgh {pierce, rPois} (You
                  | found it on level 5 of the Dungeon)
  5322 | D:6      | Reached skill level 6 in Conjurations
  5337 | D:6      | Slain by an iguana

Levels and vault maps discovered:
D:1:      lightli_arrival_boilingwater, layout_rooms, serial_bayou_crossing
D:2:      layout_basic, grunt_temple_overflow_open, old_standard_altar,
          minmay_nonomino_d4
D:3:      layout_loops_ring, minmay_misc_feat_five, uniq_robin
D:4:      layout_gridville, serial_shops, shop, chequers_big_river, uniq_pikel,
          uniq_duvessa
D:5:      layout_loops_ring, first_ration
D:6:      minmay_diamond_boxcup, layout_basic

Skill      XL: |  1  2  3  4  5  6  7  8 |
---------------+-------------------------+-----
Stealth        | 3 4 5 |  5.0
Conjurations   | 2 3 5 6 |  6.0
Poison Magic   | 3 |  3.2
Fire Magic     | 2 3 |  3.0
Fighting       | 2 4 |  4.0
Air Magic      | 2 3 |  3.0
Dodging        | 3 |  3.4
Spellcasting   | 4 |  4.0
Summonings     | |  1.0
Translocations | |  1.0

Action                   |  1- 3 |  4- 6 |  7- 9 || total
-------------------------+-------+-------+-------++-------
Melee: Unarmed           |     1 |       |       ||     1
       Hand axe          |     5 |    20 |       ||    25
       Constrict         |     1 |    17 |    12 ||    30
       Tentacles         |       |    10 |     6 ||    16
       Trident           |       |     5 |       ||     5
       Dagger            |       |     7 |       ||     7
       Short sword       |       |    23 |    30 ||    53
       Spear             |       |       |    20 ||    20
Throw: Stone             |       |       |    12 ||    12
       Throwing net      |       |       |     1 ||     1
 Cast: Magic Dart        |    58 |    88 |    71 ||   217
       Call Imp          |       |     1 |       ||     1
       Mephitic Cloud    |       |     5 |     4 ||     9
       Conjure Flame     |       |     3 |     6 ||     9
  Use: Scroll            |       |     6 |     1 ||     7
       Potion            |       |       |     1 ||     1
 Stab: Confused          |       |       |     2 ||     2
  Eat: Chunk             |       |     8 |     6 ||    14
Armor: Skin              |     2 |     6 |     3 ||    11
Dodge: Dodged            |    10 |    44 |    32 ||    86

Table legend:
 A = Non-vault XP
 B = Vault XP
 C = Vault XP percentage of total XP
 D = Non-vault monster count
 E = Vault monster count
 F = Vault count percentage of total count
                 A         B        C        D         E       F
            +---------+---------+-------+---------+---------+-------
      Total |    1306 |     795 |  37.8 |      85 |      22 |  20.6
            +---------+---------+-------+---------+---------+-------
        D:1 |      35 |       0 |   0.0 |      19 |       0 |   0.0
        D:2 |      30 |      49 |  62.0 |      12 |       8 |  40.0
        D:3 |     155 |     605 |  79.6 |      17 |      12 |  41.4
        D:4 |     313 |     141 |  31.1 |      20 |       2 |   9.1
        D:5 |     630 |       0 |   0.0 |      15 |       0 |   0.0
        D:6 |     143 |       0 |   0.0 |       2 |       0 |   0.0
            +---------+---------+-------+---------+---------+-------
